 Dungeon Crawl Stone Soup version 0.30-a0-702-gdf48620a09 (webtiles) character file.

Game seed: 17190641845286700303

237 bmack86 the Chopper (level 5, -2/47 HPs)
             Began as a Minotaur Fighter on Jan 21, 2023.
             Slain by Pikel
             ... wielding a +0 whip of flaming
              (4 damage)
             ... on level 4 of the Dungeon.
             The game lasted 00:09:26 (2835 turns).

bmack86 the Chopper (Minotaur Fighter)              Turns: 2835, Time: 00:09:27

Health: -2/47      AC:  9    Str: 23    XL:     5   Next: 77%
Magic:  4/4        EV:  9    Int:  5    God:
Gold:   275        SH:  5    Dex: 15    Spells: 4/4 levels left

rFire   . . .      SeeInvis .    a - +0 war axe (freeze)
rCold   . . .      Faith    .    c - +0 buckler
rNeg    . . .      Spirit   .    b - +0 scale mail
rPois   .          Reflect  .    (helmet restricted)
rElec   .          Harm     .    x - +1 cloak
rCorr   .          Rampage  .    (no gloves)
Will    .....                    (no boots) Stlth
                                 (no amulet)
HPRegen 0.27/turn                m - ring of flight
MPRegen 0.09/turn                f - +6 ring of dexterity

@: flying
A: horns 2, retaliatory headbutt
a: no special abilities


You were on level 4 of the Dungeon.
You visited 1 branch of the dungeon, and saw 4 of its levels.

You collected 275 gold pieces.

Inventory:

Hand Weapons
 a - a +0 war axe of freezing (weapon)
Missiles
 k - 6 curare-tipped darts
 u - 11 poisoned darts (quivered)
Armour
 b - a +0 scale mail (worn)
 c - a +0 buckler (worn)
 n - a scarf of repulsion
 x - a +1 cloak (worn)
Jewellery
 f - a +6 ring of dexterity (right hand)
 m - a ring of flight (left hand)
Scrolls
 e - a scroll of teleportation
 i - a scroll of fear
 j - a scroll of identify
 p - a scroll of blinking
 r - 3 scrolls of brand weapon
 v - 2 scrolls of enchant armour
 w - 2 scrolls of noise
Potions
 d - 4 potions of might
 g - a potion of haste
 h - 2 potions of curing
 l - 2 potions of resistance
 q - a potion of brilliance
 s - a potion of berserk rage


   Skills:
 + Level 4.7 Fighting
 * Level 4.9 Axes
 + Level 0.9 Throwing
 + Level 4.7 Armour
 + Level 4.6 Shields


You had 4 spell levels left.
You didn't know any spells.
Your spell library contained the following spells:

 Spells                   Type           Power      Damage    Failure   Level
 Necrotise                Necr           0%         1d4       86%         1
 Inner Flame              Hex/Fire       0%         N/A       99%         3
 Vampiric Draining        Necr           0%         2d6       99%         3
 Cause Fear               Hex            0%         N/A       100%        4
 Agony                    Necr           0%         N/A       100%        5
 Discord                  Hex            0%         N/A       100%        8


Dungeon Overview and Level Annotations

Branches:
Dungeon (4/15)
 Temple: D:4-7

Altars:
Ru

Shops:
D:1 *

Annotations:
D:4 Pikel


Innate Abilities, Weirdness & Mutations

You have a pair of horns on your head.
You reflexively headbutt those who attack you in melee.


Message History

The lemure shouts!
The lemure hits you! The lemure attacks as you move away!
The lemure hits you. x2
The lemure hits you but does no damage.
Pikel hits you with a +0 whip of flaming.
Pikel burns you. The lemure attacks as you move away!
The lemure hits you but does no damage. The lemure hits you!
Pikel hits you with a +0 whip of flaming.
Pikel burns you.
You hit Pikel but do no damage. You slash the lemure! You freeze the lemure.
You closely miss the lemure. You hit the lemure but do no damage.
You block the lemure's attack. The lemure hits you.
Pikel hits you but does no damage. The lemure hits you but does no damage.
You hit Pikel. You freeze Pikel. Your headbutt misses Pikel.
Pikel is lightly wounded.
You hit the lemure. You freeze the lemure. You hit the lemure.
You freeze the lemure. You slash the lemure! You freeze the lemure.
You hit the lemure. You freeze the lemure. The lemure hits you.
You block the lemure's attack. Pikel hits you but does no damage.
You block the lemure's attack. The lemure barely misses you.
The lemure closely misses you. You furiously retaliate!
You headbutt the lemure. The lemure closely misses you. The lemure hits you.
* * * LOW HITPOINT WARNING * * *
The lemure hits you.
* * * LOW HITPOINT WARNING * * *
Pikel hits you with a +0 whip of flaming.
* * * LOW HITPOINT WARNING * * *
Pikel burns you.
* * * LOW HITPOINT WARNING * * *
You completely miss Pikel.
Pikel is lightly wounded.
You hit the lemure. You freeze the lemure. You barely miss the lemure.
You completely miss the lemure. You hit the lemure. You freeze the lemure.
You block the lemure's attack. The lemure barely misses you. x2
You furiously retaliate!
You headbutt the lemure!
You kill the lemure!
That felt strangely unrewarding.
Pikel hits you with a +0 whip of flaming.
You die...

.######...########...............
......#####.........#'###########
......# #.........#......#
......# #.........#.)....#
......# +.........#......#
......# #.........#......#
......# #.........#......#
......# #.....55..#..##.####
####### ##...K@..######.##.##
#...5...# #......# #..?....#
#......# #.......# #......#
#.......# #......# #.......#
######## #########


You could see Pikel and 3 lemures.

Vanquished Creatures
  A lemure (D:4)
  A jelly (D:4)
  An orc wizard (D:4)
  Robin (D:2)
  7 adders
  A worm (D:3)
  4 dart slugs
  6 orcs
  7 ball pythons
  7 bats
  7 endoplasms
  3 giant cockroaches
  17 goblins
  8 hobgoblins
  5 quokkas
  5 frilled lizards
  7 kobolds
  6 rats
94 creatures vanquished.

Notes
Turn   | Place    | Note
-------+----------+-------------------------------------------
     0 | D:1      | bmack86 the Minotaur Fighter began the quest for the Orb.
     0 | D:1      | Reached XP level 1. HP: 19/19 MP: 0/0
   232 | D:1      | Reached XP level 2. HP: 27/27 MP: 1/1
   234 | D:1      | Found Rudow's Assorted Antiques.
   241 | D:1      | You fall into a shaft and drop 1 floor!
   306 | D:2      | Reached XP level 3. HP: 32/33 MP: 2/2
   368 | D:2      | Noticed Robin
   372 | D:2      | Killed Robin
   386 | D:2      | HP: 1/33 [poisoned by a goblin]
   548 | D:2      | Reached XP level 4. HP: 10/40 MP: 3/3
  1955 | D:3      | Reached XP level 5. HP: 45/47 MP: 4/4
  2232 | D:3      | Identified a scroll of acquirement
  2233 | D:3      | Acquired a +6 ring of dexterity
  2502 | D:4      | Found a sacrificial altar of Ru.
  2826 | D:4      | Noticed a lemure
  2827 | D:4      | Noticed a lemure
  2827 | D:4      | Noticed a lemure
  2828 | D:4      | Noticed Pikel
  2828 | D:4      | Noticed a lemure
  2834 | D:4      | HP: 2/47 [Pikel/+0 whip of flaming (1)]
  2835 | D:4      | Killed a lemure
  2835 | D:4      | Slain by Pikel

Illustrated notes

Levels and vault maps discovered:
D:1:      enne_arrival_octagon_isle, layout_loops_cross, serial_shops,
          shop_coins, serial_forest, infiniplex_forest_straight_4,
          infiniplex_forest_lined_ring, infiniplex_forest_clump_double,
          infiniplex_forest_straight_2, infiniplex_forest_straight_3,
          infiniplex_forest_clump_double, infiniplex_forest_end_3
D:2:      layout_loops_cross, uniq_robin
D:3:      layout_rooms
D:4:      layout_gridville, mainiacjoe_overflow_alcove_2, uniq_grinder,
          uniq_pikel

Skill      XL: |  1  2  3  4 |
---------------+-------------+-----
Axes           | 3 4 |  4.9
Fighting       | 4 |  4.7
Armour         | 4 |  4.7
Shields        | 4 |  4.6
Throwing       | |  0.9

Action                   |  1- 3 |  4- 6 || total
-------------------------+-------+-------++-------
Melee: War axe           |    64 |   101 ||   165
       Headbutt          |     7 |    15 ||    22
  Use: Scroll            |       |    16 ||    16
Armor: Scale mail        |    31 |    67 ||    98
Dodge: Dodged            |    28 |    57 ||    85
       Repelled          |       |     2 ||     2
Block: Buckler           |    19 |    35 ||    54

Table legend: (Time is in decaauts)
 A = Elapsed time spent in this place.
 B = Non-inter-level travel time spent in this place.
 C = Inter-level travel time spent in this place.
 D = Time resting spent in this place.
 E = Time spent auto-exploring this place.
 F = Levels seen in this place.
 G = Mean time per level.
                   A        B        C        D        E       F      G
               +--------+--------+--------+--------+--------+-----+--------+
         Total |   2892 |   2796 |     96 |    227 |   1394 |   4 |  723.0 |
       Dungeon |   2892 |   2796 |     96 |    227 |   1394 |   4 |  723.0 |
               +--------+--------+--------+--------+--------+-----+--------+

Top non-repeatable levels by time:
     D:2: 960 daAuts
     D:1: 826 daAuts
     D:4: 559 daAuts
     D:3: 546 daAuts
